 Dungeon Crawl Stone Soup version 0.31-a0-229-g1fc7ce93e2 (webtiles) character file.

Game seed: 6999104967120826816

118 qw the Shooter (level 4, -8/36 HPs)
             Began as a Minotaur Hexslinger on July 6, 2023.
             Mangled by Sigmund
             ... wielding a +0 scythe
              (11 damage)
             ... on level 3 of the Dungeon.
             The game lasted 00:00:46 (2320 turns).

qw the Shooter (Minotaur Hexslinger)                Turns: 2320, Time: 00:00:47

Health: -8/36      AC:  2    Str: 12    XL:     4   Next: 72%
Magic:  4/4        EV: 12    Int: 10    God:
Gold:   54         SH:  0    Dex: 15    Spells: 4/5 levels left

rFire   . . .        Y - +1 sling
rCold   . . .        (no shield)
rNeg    . . .        c - +0 robe
rPois   .            (helmet restricted)
rElec   .            (no cloak)
rCorr   .            (no gloves)
SInv    .            (no boots)
Will    .....        (no amulet)
Stlth   +            (no ring)
HPRegen 0.26/turn    (no ring)
MPRegen 0.09/turn

%: no passive effects
@: confused
A: horns 2, retaliatory headbutt
a: no special abilities


You were on level 3 of the Dungeon.
You visited 1 branch of the dungeon, and saw 3 of its levels.

You collected 54 gold pieces.


Innate Abilities, Weirdness & Mutations

You have a pair of horns on your head.
You reflexively headbutt those who attack you in melee.


   Skills:
 + Level 2.0 Fighting
 - Level 5.3 Ranged Weapons
 - Level 2.1 Dodging
 - Level 1.0 Spellcasting
 - Level 2.0 Hexes


You had 4 spell levels left.
You knew the following spells:

 Your Spells              Type           Power      Damage    Failure   Level
a - Slow                  Hex            16%        N/A       16%         1

Your spell library contained the following spells:

 Spells                   Type           Power      Damage    Failure   Level
 Inner Flame              Hex/Fire       2%         N/A       56%         3
 Portal Projectile        Hex/Tloc       4%         N/A       56%         3
 Cause Fear               Hex            2%         N/A       83%         4

Inventory:

Hand Weapons
 Y - a +1 sling (weapon)
Armour
 c - a +0 robe (worn)
 d - a +0 leather armour
Jewellery
 f - a +6 ring of strength
Wands
 g - a wand of digging (3)
Scrolls
 e - a scroll of identify
 h - a scroll of enchant armour {unknown}
 i - a scroll of acquirement {unknown}
Potions
 a - a potion of curing {unknown}
 b - a potion of might {unknown}
 j - a potion of ambrosia {unknown}

Dungeon Overview and Level Annotations

Branches:
Dungeon (3/15)

Altars:
Gozag
Nemelex Xobeh
Qazlal

Shops:
D:1 (

Annotations:
D:3 Sigmund


Message History

Sigmund shouts!
You shoot a sling bullet.
The sling bullet barely misses the hound.
Sigmund gestures wildly while chanting.
Sigmund flickers and vanishes!
Deactivating autopickup; reactivate with Ctrl-A.
You shoot a sling bullet. The sling bullet hits the hound.
The hound is severely wounded.
The hound closely misses you.
You shoot a sling bullet.
The sling bullet closely misses the hound.
The hound closely misses you. The hound barely misses you.
You shoot a sling bullet. The sling bullet misses the hound.
The hound bites you but does no damage. The hound bites you.
You shoot a sling bullet.
The sling bullet hits the hound but does no damage.
The hound is severely wounded.
The hound misses you. Something hits you!
You shoot a sling bullet.
The sling bullet closely misses the hound.
The hound barely misses you. The hound bites you.
You shoot a sling bullet. The sling bullet hits the hound.
You kill the hound!
Something barely misses you.
Your Ranged Weapons skill increases to level 5!
You shoot a sling bullet. Something hits you.
You shoot a sling bullet. Something hits you!
You shoot a sling bullet.
You hear some strange, mumbled words.
You are confused.
You shoot a sling bullet. Something hits you.
You shoot a sling bullet. You shoot a sling bullet. Something hits you.
You shoot a sling bullet. Something hits you!
You die...

#.......#
##..########.##
###........
#............##
...#######.#..##########
...........#...........#
.....>.....#...#######.#
...........#...# #.#
...............#######.#
..?..{.....#..>........#
.......@..##......######
..................# ####
..................# #...
.....###.#.#..%...# #.##
..... #.#......(.# #.#.
.... #.#.~~¤~¤..# #.#.
### #.#...~¤~..# #...
.#.~¤_¤...# ####
#.~¤.¤¤..#


There were no monsters in sight!

Vanquished Creatures
  A hound (D:3)
  2 adders (D:2)
  A worm (D:2)
  2 dart slugs
  An orc (D:3)
  4 ball pythons
  4 endoplasms
  2 giant cockroaches (D:1)
  8 goblins
  7 hobgoblins
  3 jackals (D:1)
  4 quokkas
  7 bats
  2 frilled lizards (D:1)
  7 kobolds (D:1)
  4 rats
59 creatures vanquished.

Notes
Turn   | Place    | Note
-------+----------+-------------------------------------------
     0 | D:1      | qw the Minotaur Hexslinger began the quest for the Orb.
     0 | D:1      | Reached XP level 1. HP: 16/16 MP: 1/1
     0 | D:1      | 0 ||| qw: Version: 0.3-a-46-gb1f654a
     0 | D:1      | 0 ||| qw: Game counter: 1119
     0 | D:1      | 0 ||| qw: Melee chars always use a shield: true
     0 | D:1      | 0 ||| qw: God list: Okawaru
     0 | D:1      | 0 ||| qw: Allow faded altars: false
     0 | D:1      | 0 ||| qw: Do Orc after clearing Dungeon:15 true
     0 | D:1      | 0 ||| qw: Do second Lair branch before Depths: true
     0 | D:1      | 0 ||| qw: Lair rune preference: random
     0 | D:1      | 0 ||| qw: Goals: Normal
     0 | D:1      | 0 ||| PLANNING D:1-11
   204 | D:1      | Reached skill level 3 in Ranged Weapons
   225 | D:1      | Reached XP level 2. HP: 23/23 MP: 2/2
   374 | D:1      | Found Pidasacw's Antique Weapon Boutique.
   414 | D:1      | Reached XP level 3. HP: 29/29 MP: 3/3
   856 | D:1      | 856 ||| READING scroll labelled EDAASTRE PAYZ.
   857 | D:1      | 857 ||| DROPPING scroll of poison.
   958 | D:2      | Reached skill level 4 in Ranged Weapons
  1388 | D:2      | Reached XP level 4. HP: 34/36 MP: 4/4
  1887 | D:3      | 1887 ||| PLANNING SEWER
  1914 | D:3      | 1914 ||| Stepping ~*~*~tactically~*~*~ (water).
  2002 | D:3      | Found an opulent altar of Gozag.
  2002 | D:3      | Found a sparkling altar of Nemelex Xobeh.
  2276 | D:3      | Found a stormy altar of Qazlal.
  2305 | D:3      | Noticed Sigmund
  2314 | D:3      | Reached skill level 5 in Ranged Weapons
  2315 | D:3      | HP: 9/36 [something (8)]
  2319 | D:3      | HP: 3/36 [something (5)]
  2320 | D:3      | Mangled by Sigmund

Levels and vault maps discovered:
D:1:      dpeg_arrival_morbid_curiosity, layout_loops_ring, serial_shops,
          nicolae_shop_tiny_waterfront
D:2:      layout_basic, minmay_misc_feat_chi, kennysheep_potato
D:3:      minmay_diamond_boxcup, layout_basic, grunt_temple_overflow_opulence,
          nicolae_qazlal_scattered_showers, portal_sewer_entry_f,
          chequers_serial_rivers_micro_a, kennysheep_generic_room_13,
          uniq_sigmund

Skill      XL: |  1  2  3  4 |
---------------+-------------+-----
Ranged Weapons | 3 4 5 |  5.3
Fighting       | 2 |  2.0
Dodging        | |  2.1
Spellcasting   | |  1.0
Hexes          | |  2.0

Action                     |  1- 3 |  4- 6 || total
---------------------------+-------+-------++-------
   Fire: Sling             |   158 |    40 ||   198
    Use: Scroll            |     1 |       ||     1
 Armour: Robe              |    15 |     1 ||    16
  Dodge: Dodged            |    27 |     8 ||    35

Table legend:
 A = Non-vault XP
 B = Vault XP
 C = Vault XP percentage of total XP
 D = Non-vault monster count
 E = Vault monster count
 F = Vault count percentage of total count
                 A         B        C        D         E       F
            +---------+---------+-------+---------+---------+-------
      Total |     153 |      16 |   9.5 |      52 |       7 |  11.9
            +---------+---------+-------+---------+---------+-------
        D:1 |      48 |       9 |  15.8 |      30 |       5 |  14.3
        D:2 |      47 |       5 |   9.6 |      12 |       1 |   7.7
        D:3 |      58 |       2 |   3.3 |      10 |       1 |   9.1
            +---------+---------+-------+---------+---------+-------
